 Dungeon Crawl Stone Soup version 0.20-a0-709-gd40821f (webtiles) character file.

50 KristoblXynda the Sneak (level 3, 0/16 HPs)
             Began as a Spriggan Enchanter on Feb 21, 2017.
             Slain by an adder (5 damage)
             ... on level 2 of the Dungeon.
             The game lasted 00:04:09 (1408 turns).

KristoblXynda the Sneak (Spriggan Enchanter)        Turns: 1408, Time: 00:04:10

Health: 0/16       AC:  2    Str:  7    XL:     3   Next: 55%
Magic:  1/8        EV: 26    Int: 19    God:
Gold:   52         SH:  0    Dex: 23    Spells: 2/8 levels left

rFire    . . .     SeeInvis +   a - +1 dagger
rCold    . . .     Gourm    .   b - +0 robe
rNeg     . . .     Faith    .   (shield restricted)
rPois    .         Spirit   .   (helmet restricted)
rElec    .         Reflect  .   (no cloak)
rCorr    .         Harm     .   (gloves unavailable)
MR       .....                  (boots unavailable)
Stlth    +++++.....             (no amulet)
Regen    0.1/turn               (no ring)
MPRegen  0.2/turn               (no ring)

@: mighty, agile, lethally poisoned (0 -> -6), very quick
A: unfitting armour, repulsion field 1, thin skeletal structure 1, see
invisible, clever 1, herbivore 3, speed 3, slow metabolism 2, weak 1
a: no special abilities


You were on level 2 of the Dungeon.
You were not hungry.

You visited 1 branch of the dungeon, and saw 2 of its levels.

You collected 52 gold pieces.

Inventory:

Hand Weapons
 a - a +1 dagger (weapon)
Armour
 b - a +0 robe (worn)
Scrolls
 f - 2 scrolls of identify {unknown}
 g - a scroll of teleportation {unknown}
 k - a scroll of amnesia {unknown}
Potions
 e - a potion of cancellation
 l - a potion of flight {unknown}
Books
 c - a book of Maledictions

   Spells                             Type                      Level
   a - Corona                         Hexes                        1
   b - Ensorcelled Hibernation        Hexes/Ice                    2
   c - Confuse                        Hexes                        3
   d - Tukima's Dance                 Hexes                        3
   e - Dazzling Spray                 Conjuration/Hexes            3
Comestibles
 d - 2 bread rations
 i - a royal jelly
 m - a fruit


   Skills:
 - Level 1.1 Short Blades
 - Level 3.0 Dodging
 + Level 5.1 Stealth
 + Level 3.4 Spellcasting
 + Level 4.6 Hexes


You had 2 spell levels left.
You knew the following spells:

 Your Spells              Type           Power        Failure   Level  Hunger
a - Corona                Hex            ###....      1%          1    None
b - Ensorcelled Hibernat  Hex/Ice        ##....       10%         2    ##.....
c - Confuse               Hex            ###.....     8%          3    ###....


Dungeon Overview and Level Annotations

Branches:
Dungeon (2/15)

Altars:


Innate Abilities, Weirdness & Mutations

You are very small and have problems with some larger weapons.
You are too small for most types of armour.
You have supernaturally acute eyesight. (SInv)
You are a herbivore.
You cover ground extremely quickly.
You need consume almost no food.
You are surrounded by a mild repulsion field. (EV +2)
You have a somewhat thin skeletal structure. (Dex +2, Stealth)
Your mind is acute. (Int +2)
You are weak. (Str -2)


Message History

You hit the adder.
The adder is heavily wounded.
The adder bites you.
You are poisoned.
The adder poisons you!
You feel sick.
Found a scroll labeled NOPLAARA PONA.
It was a potion of might.
You feel very mighty all of a sudden. The adder closely misses you.
Unknown command.
It was a potion of agility.
You feel agile all of a sudden. The adder misses you.
Unknown command.
It was a potion of mutation.
You feel extremely strange.
You feel weaker.
You begin to radiate repulsive energy.
You feel clever.
Your bones become slightly less dense.
The adder bites you.
You die...

###..# #l.# #.# #..# #.#
#.## #.# #..# #.#
##.###.# #..##.#
##.##########.##.#######
.......@Sl..............
.......#######.#.#######
....... #............ .
....... #.#....######
#####.. .......
..[#....###### .......
.....?. #.# #..........
....... ######. #.
#..>....... .##### ## #
####....... .# #.......


You could see an adder and a leopard gecko.

Vanquished Creatures
  A gnoll (D:1)
  An adder (D:2)
  A worm (D:2)
  A dart slug (D:1)
  A ball python (D:1)
  6 bats (D:1)
  A giant cockroach (D:1)
  A goblin (D:1)
  6 hobgoblins (D:1)
  2 jackals (D:1)
  A kobold (D:1)
  3 rats (D:1)
25 creatures vanquished.

Notes
Turn   | Place    | Note
-------+----------+-------------------------------------------
     0 | D:1      | KristoblXynda the Spriggan Enchanter began the quest for the Orb.
     0 | D:1      | Reached XP level 1. HP: 9/9 MP: 5/5
   214 | D:1      | Reached XP level 2. HP: 9/13 MP: 6/6
   294 | D:1      | Learned a level 2 spell: Ensorcelled Hibernation
   625 | D:1      | Reached skill level 5 in Stealth
   633 | D:1      | Reached XP level 3. HP: 16/16 MP: 1/8
   638 | D:1      | Learned a level 3 spell: Confuse
  1408 | D:2      | Gained mutation: You are weak. (Str -2) [potion of mutation]
  1408 | D:2      | Gained mutation: You are surrounded by a mild repulsion field. (EV +2) [potion of mutation]
  1408 | D:2      | Gained mutation: Your mind is acute. (Int +2) [potion of mutation]
  1408 | D:2      | Gained mutation: You have a somewhat thin skeletal structure. (Dex +2, Stealth) [potion of mutation]
  1408 | D:2      | Slain by an adder

Vault maps used:
D:1:      minmay_arrival_statue_studded, minmay_tree_intersection
D:2:      lemuel_coloured_pillars_altar, minmay_item_behind_shaft,
          roderic_roman_lattice

Skill      XL: |  1  2 |
---------------+-------+-----
Hexes          | 4 |  4.6
Spellcasting   | 3 |  3.4
Stealth        | 5 |  5.1
Short Blades   | |  1.1
Dodging        | |  3.0

Action                   || total
-------------------------++-------
Melee: Dagger            ||   141
 Cast: Ensorcelled Hiber ||    21
  Use: Potion            ||     5
 Stab: Sleeping          ||    12
Armor: Robe              ||    24
Dodge: Dodged            ||   144
